 Dungeon Crawl Stone Soup version 0.19-a0-994-g3c636f0 (webtiles) character file.

2272 rageheart7 the Cruncher (level 9, -1/72 HPs)
             Began as a Demonspawn Wanderer on July 16, 2016.
             Was a Follower of Okawaru.
             Slain by a killer bee (7 damage)
             ... on level 8 of the Dungeon.
             The game lasted 00:13:23 (7112 turns).

rageheart7 the Cruncher (Demonspawn Wanderer)       Turns: 7112, Time: 00:13:24

Health: -1/72      AC:  8    Str: 14    XL:     9   Next: 16%
Magic:  9/9        EV: 11    Int: 14    God:    Okawaru [*.....]
Gold:   427        SH:  0    Dex: 17    Spells: 0 memorised, 8 levels left

rFire  + . .     SeeInvis .     H - +2 flail "Ocetz" {drain, rF+ Int+3}
rCold  + . .     Gourm    .     h - +0 scale mail
rNeg   . . .     Faith    .     (no shield)
rPois  +         Spirit   .     c - +0 helmet
rElec  .         Dismiss  +     q - +0 cloak
rCorr  .         Reflect  .     (no gloves)
SustAt .         Harm     .     (no boots)
MR     .....                    A - amulet of dismissal
Stlth  +.........               u - ring of stealth
                                e - ring of poison resistance

@: lethally poisoned (-1 -> -4), not resistant to hostile enchantments, very
unstealthy
A: claws 1, cold resistance 1, freezing cloud immunity, sturdy frame 1
a: Heroism, Renounce Religion


You were on level 8 of the Dungeon.
You worshipped Okawaru.
Okawaru was aware of your devotion.
You were not hungry.

You visited 2 branches of the dungeon, and saw 9 of its levels.

You collected 427 gold pieces.

Inventory:

Hand Weapons
 b - a +1 quarterstaff
 H - the +2 flail "Ocetz" (weapon) {drain, rF+ Int+3}
   (You found it on level 7 of the Dungeon)

   A truly terrible weapon, it drains the life of those it strikes.
   It affects your intelligence (+3).
   It protects you from fire.
Missiles
 d - 2 tomahawks (quivered)
 y - a throwing net
Armour
 c - a +0 helmet (worn)
 h - a +0 scale mail (worn)
 q - a +0 cloak (worn)
Jewellery
 e - a ring of poison resistance (left claw)
 u - a ring of stealth (right claw)
 A - an amulet of dismissal (around neck)
Wands
 s - a wand of lightning (11/15)
Scrolls
 i - 2 scrolls of enchant weapon
 n - a scroll of immolation
 p - 3 scrolls of remove curse
 w - 3 scrolls of amnesia
 z - 3 scrolls of teleportation
 B - a scroll of fog
 F - a scroll of fear
Potions
 l - 3 potions of cure mutation
 o - a potion of magic
 v - 2 potions of brilliance
 D - a potion of resistance
Comestibles
 a - 3 chunks of flesh
 f - 6 bread rations
 j - a slice of pizza
 k - a royal jelly
 m - 2 meat rations
 t - a beef jerky


   Skills:
 + Level 7.4 Fighting
 * Level 1.9(6.1) Maces & Flails
 - Level 9.3(9.4) Staves
 - Level 2.6 Dodging
   Level 1.0 Shields
 + Level 1.0 Evocations


You had 8 spell levels left.
You didn't know any spells.

Dungeon Overview and Level Annotations

Branches:
Dungeon (8/15)             Temple (1/1) D:7
   Lair: D:8-11

Altars:
Ashenzari
Cheibriados
Dithmenos
Elyvilon
Fedhas
Gozag
Hepliaklqana
Kikubaaqudgha
Makhleb
Nemelex Xobeh
Okawaru
Pakellas
Qazlal
Ru
Sif Muna
Trog
Uskayaw
Vehumet
Xom
Yredelemnul
Zin
The Shining One


Innate Abilities, Weirdness & Mutations

You have sharp fingernails.
Your flesh is cold resistant. (rC+)
You are immune to freezing clouds.
Your movements are slightly less encumbered by armour. (ER -2)


Message History

You are too injured to fight recklessly!
You are too injured to fight recklessly!
The killer bee stings you but does no damage.
The killer bee stings you.
* * * LOW HITPOINT WARNING * * *
The killer bee stings you but does no damage.
The killer bee stings you.
* * * LOW HITPOINT WARNING * * *
The killer bee stings you.
* * * LOW HITPOINT WARNING * * *
You are poisoned.
The killer bee poisons you!
You see here 2 arrows.
You feel sick. The killer bee closely misses you.
You feel sick. The killer bee closely misses you.
You feel sick. The killer bee stings you.
* * * LOW HITPOINT WARNING * * *
The killer bee stings you but does no damage.
You feel sick. The killer bee stings you!
You die...

## #. ##.
...###############
#.))((....(y.yy@#
.....#############
.....# .....#
####.# #.# #.. ...


You could see 3 killer bees.

Vanquished Creatures
  Sigmund (D:4)
  A hungry ghost (D:7)
  A hippogriff (D:5)
  A water moccasin (D:8)
  A sky beast (D:5)
  2 phantoms
  4 centaurs
  3 giant frogs
  2 scorpions
  5 killer bees (D:8)
  3 crimson imps
  A giant frog zombie (D:4)
  A centaur zombie (D:5)
  A hound (D:6)
  A giant frog skeleton (D:5)
  2 jellies (D:5)
  5 orc wizards
  A centaur skeleton (D:7)
  3 worker ants
  A hound skeleton (D:4)
  Robin (D:2)
  3 gnolls (D:6)
  9 adders
  An ooze (D:1)
  2 adder skeletons (D:5)
  2 worms
  A dart slug (D:3)
  6 giant geckos
  11 orcs
  7 giant cockroaches
  13 goblins
  10 hobgoblins
  5 jackals
  2 kobolds (D:2)
  3 quokkas
  5 bats
  A giant gecko skeleton (D:4)
  8 giant newts
  A quokka zombie (D:5)
  4 rats
135 creatures vanquished.

Notes
Turn   | Place    | Note
-------+----------+-------------------------------------------
     0 | D:1      | rageheart7 the Demonspawn Wanderer began the quest for the Orb.
     0 | D:1      | rageheart7 set off with: a +0 shield, a +0 quarterstaff, a potion of lignification, a +0 robe, a +0 club, a bread ration
     0 | D:1      | Reached XP level 1. HP: 18/18 MP: 1/1
   182 | D:1      | Reached skill level 2 in Staves
   269 | D:1      | Gained mutation: You have sharp fingernails. [demonic ancestry]
   269 | D:1      | Reached XP level 2. HP: 19/24 MP: 2/2
  1037 | D:2      | Gained mutation: Your flesh is cold resistant. (rC+) [demonic ancestry]
  1037 | D:2      | Reached XP level 3. HP: 27/30 MP: 3/3
  1111 | D:2      | Noticed Robin
  1144 | D:2      | Killed Robin
  1157 | D:2      | Reached XP level 4. HP: 37/37 MP: 4/4
  1248 | D:2      | Reached skill level 3 in Staves
  1785 | D:3      | Found a glowing golden altar of the Shining One.
  1921 | D:3      | Found a blossoming altar of Fedhas.
  1934 | D:3      | Found a snail-covered altar of Cheibriados.
  1938 | D:3      | Found a sparkling altar of Nemelex Xobeh.
  2113 | D:3      | Gained mutation: You are immune to freezing clouds. [demonic ancestry]
  2113 | D:3      | Reached XP level 5. HP: 43/43 MP: 5/5
  2125 | D:3      | Reached skill level 4 in Staves
  2467 | D:4      | Noticed a phantom
  2489 | D:4      | Killed a phantom
  2489 | D:4      | Reached XP level 6. HP: 17/50 MP: 6/6
  2832 | D:4      | Reached skill level 5 in Staves
  2924 | D:4      | Noticed Sigmund
  2961 | D:4      | Killed Sigmund
  2961 | D:4      | Reached skill level 5 in Fighting
  2961 | D:4      | Reached XP level 7. HP: 56/56 MP: 7/7
  3641 | D:4      | Found an opulent altar of Gozag.
  3641 | D:4      | Found a glowing silver altar of Zin.
  3675 | D:5      | Entered Level 5 of the Dungeon
  3710 | D:5      | Reached skill level 6 in Staves
  4171 | D:5      | Noticed a hippogriff
  4180 | D:5      | Killed a hippogriff
  4266 | D:5      | Reached skill level 7 in Staves
  4384 | D:5      | Gained mutation: Your movements are slightly less encumbered by armour. (ER -2) [demonic ancestry]
  4384 | D:5      | Reached XP level 8. HP: 60/64 MP: 8/8
  5014 | D:6      | Reached skill level 8 in Staves
  5916 | D:7      | Found a staircase to the Ecumenical Temple.
  5923 | Temple   | Entered the Ecumenical Temple
  6075 | Temple   | Became a worshipper of Warmaster Okawaru
  6619 | D:7      | Reached skill level 9 in Staves
  6686 | D:7      | Got a twisted flail
  6946 | D:7      | Identified the +2 flail "Ocetz" {drain, rF+ Int+3} (You found it on level 7 of the Dungeon)
  6977 | D:8      | Reached XP level 9. HP: 25/71 MP: 9/9
  6982 | D:8      | Reached skill level 1 in Maces & Flails
  6993 | D:8      | Reached * piety under Okawaru
  7112 | D:8      | Slain by a killer bee

Vault maps used:
D:1:      co_arrival_square_in_a_square_in_a_square
D:2:      first_bread, uniq_robin
D:3:      nicolae_tso_swordbearing_angel, minitemple, supply_closet_lemuel,
          kennysheep_generic_room_8
D:4:      grunt_temple_overflow_gold_and_silver, uniq_sigmund
D:5:      portal_sewer_entry_f, roderic_serpentine_path, minmay_crystal_room
D:6:      hangedman_glass_teeth, nrook_mini_backslash
D:8:      lair_0_dummy, uniq_maurice
Temple:   regret_index_temple_sphere_string

Skill      XL: |  1  2  3  4  5  6  7  8  9 |
---------------+----------------------------+-----
Staves         | 2 3 4 5 7 9 |  9.3
Fighting       | 4 5 6 7 |  7.4
Maces & Flails | 1 |  1.9
Dodging        | |  2.6
Shields        | |  1.0
Evocations     | |  1.0

Action                   |  1- 3 |  4- 6 |  7- 9 || total
-------------------------+-------+-------+-------++-------
Melee: Quarterstaff      |    88 |   168 |   292 ||   548
       Flail             |       |       |    38 ||    38
  Use: Potion            |     1 |     2 |     6 ||     9
       Scroll            |       |     8 |     8 ||    16
 Stab: Sleeping          |     1 |       |       ||     1
       Invisible         |       |       |     4 ||     4
  Eat: Chunk             |     1 |     6 |    13 ||    20
       Fruit             |       |       |     2 ||     2
       Beef jerky        |       |       |     1 ||     1
Armor: Robe              |     6 |       |       ||     6
       Skin              |    52 |     6 |     4 ||    62
       Scale mail        |       |    71 |   128 ||   199
Dodge: Dodged            |    32 |    83 |   178 ||   293
